 Dungeon Crawl Stone Soup version 0.31.0-9-g3a7656b989 (webtiles) character file.

Game seed: 6385642689445545385

132 qw the Ducker (level 4, 0/22 HPs)
             Began as a Spriggan Hunter on Feb 2, 2024.
             Incinerated by a bombardier beetle (3 damage)
             ... with a burning spray
             ... on level 3 of the Dungeon.
             The game lasted 00:00:08 (2422 turns).

qw the Ducker (Spriggan Hunter)                     Turns: 2422, Time: 00:00:08

Health: 0/22       AC:  5    Str:  7    XL:     4   Next: 92%
Magic:  5/5        EV: 20    Int: 10    God:
Gold:   170        SH:  0    Dex: 20    Spells: 3/3 levels left

rFire   . . .        a - +0 shortbow
rCold   + . .        (shield currently unavailable)
rNeg    . . .        c - +0 robe
rPois   +            (helmet restricted)
rElec   .            e - +2 cloak {rPois}
rCorr   .            (gloves unavailable)
SInv    +            (boots unavailable)
Will    .....        (no amulet)
Stlth   +            d - ring of protection from cold
HPRegen 0.23/turn    (no ring)
MPRegen 0.09/turn

%: no passive effects
@: on fire, glowing, very quick
A: very small, no large weapons, unfitting armour, see invisible, speed 3
a: no special abilities


You were on level 3 of the Dungeon.
You visited 1 branch of the dungeon, and saw 3 of its levels.

You collected 170 gold pieces.


Innate Abilities, Weirdness & Mutations

You are very small and have problems with some larger weapons.
You are too small for most types of armour.
You have supernaturally acute eyesight. (SInv)
You cover ground extremely quickly. (Speed+++)


   Skills:
 + Level 1.5 Fighting
 - Level 5.0 Ranged Weapons
 - Level 5.5 Dodging
 - Level 1.5 Stealth


You had 3 spell levels left.
You didn't know any spells.
Your spell library was empty.

Inventory:

Hand Weapons
 a - a +0 shortbow (weapon)
Armour
 c - a +0 robe (worn)
 e - a +2 cloak of poison resistance (worn)
Jewellery
 d - a ring of protection from cold (left hand)
Scrolls
 g - a scroll of silence {unknown}
 i - a scroll of enchant weapon {unknown}
Potions
 b - 2 potions of curing
 f - 2 potions of haste
 h - a potion of cancellation {unknown}
 j - a potion of attraction {unknown}

Dungeon Overview and Level Annotations

Branches:
Dungeon (3/15)

Altars:
Wu Jian


Message History

The bombardier beetle is moderately wounded.
The bombardier beetle sprays incendiary fluid at you.
The burning spray misses you.
You shoot an arrow. The arrow hits the bombardier beetle.
The bombardier beetle is moderately wounded.
You shoot an arrow. The arrow hits the bombardier beetle.
The bombardier beetle is heavily wounded.
You shoot an arrow.
The arrow hits the bombardier beetle but does no damage.
The bombardier beetle is heavily wounded.
You shoot an arrow.
The arrow barely misses the bombardier beetle.
You shoot an arrow.
The arrow hits the bombardier beetle but does no damage.
The bombardier beetle is heavily wounded.
The bombardier beetle sprays incendiary fluid at you.
The burning spray hits you.
You are covered in liquid fire!
You shoot an arrow.
The arrow hits the bombardier beetle but does no damage.
The bombardier beetle is heavily wounded.
The liquid fire burns you!
The bombardier beetle bites you but does no damage.
You shoot an arrow.
The arrow barely misses the bombardier beetle.
The liquid fire burns you!
The bombardier beetle sprays incendiary fluid at you.
The burning spray misses you.
You shoot an arrow. The arrow hits the bombardier beetle.
The bombardier beetle is almost dead.
The liquid fire burns you!
You shoot an arrow. The arrow hits the bombardier beetle!
You kill the bombardier beetle!
The liquid fire burns you!
Your Dodging skill increases to level 5!
You are on fire!
The liquid fire burns you!
You are on fire!
The liquid fire burns you!
You die...

.#
.##.....#
#.# .#
(##.....#
#.# .#
.########
#.# .. .#
#.# .# ##
###.#
#...#
#.### #.#
#@#
......%.#
.##.#####


There were no monsters in sight!

Vanquished Creatures
  A bombardier beetle (D:3)
  4 gnolls (D:2)
  3 dart slugs (D:1)
  An orc (D:3)
  5 endoplasms
  3 giant cockroaches
  A goblin (D:2)
  10 hobgoblins
  2 jackals (D:1)
  2 quokkas
  5 ball pythons (D:1)
  7 bats
  2 frilled lizards
  3 kobolds
  3 rats
52 creatures vanquished.

Notes
Turn   | Place    | Note
-------+----------+-------------------------------------------
     0 | D:1      | qw the Spriggan Hunter began the quest for the Orb.
     0 | D:1      | Reached XP level 1. HP: 10/10 MP: 2/2
     0 | D:1      | 0 ||| qw: Version: 0.3-a-155-g5e7d8dd
     0 | D:1      | 0 ||| qw: Game counter: 876
     0 | D:1      | 0 ||| qw: Melee chars always use a shield: true
     0 | D:1      | 0 ||| qw: God list: Okawaru
     0 | D:1      | 0 ||| qw: Allow faded altars: false
     0 | D:1      | 0 ||| qw: Do Orc after clearing Dungeon:15 true
     0 | D:1      | 0 ||| qw: Do second Lair branch before Depths: true
     0 | D:1      | 0 ||| qw: Lair rune preference: random
     0 | D:1      | 0 ||| qw: Goals: Normal
     0 | D:1      | 0 ||| PLANNING D:1-11
    20 | D:1      | Reached skill level 3 in Dodging
    33 | D:1      | Reached XP level 2. HP: 14/14 MP: 3/3
   155 | D:1      | You fall into a shaft and drop 1 floor!
   190 | D:2      | 190 ||| READING scroll labelled ODISUE OPTOJOE.
   191 | D:2      | 191 ||| READING scroll labelled TOAFES KICK.
   292 | D:2      | 292 ||| READING 3 scrolls labelled REQEAS VATZU.
   292 | D:2      | 292 ||| IDENTIFYING bubbling golden potion
   293 | D:2      | 293 ||| DROPPING scroll of butterflies.
   294 | D:2      | 294 ||| DROPPING potion of magic.
   414 | D:1      | Reached XP level 3. HP: 18/18 MP: 4/4
   932 | D:1      | 932 ||| UPGRADING to ring of protection from cold.
   933 | D:1      | 933 ||| READING 3 scrolls of identify.
   933 | D:1      | 933 ||| IDENTIFYING sedimented pink potion
   934 | D:1      | 934 ||| READING 2 scrolls of identify.
   934 | D:1      | 934 ||| IDENTIFYING pink potion
   935 | D:1      | 935 ||| READING scroll of identify.
   935 | D:1      | 935 ||| IDENTIFYING purple potion
   936 | D:1      | 936 ||| READING scroll labelled PYLO LAUFOERCH.
   937 | D:1      | 937 ||| READING 3 scrolls labelled XETUUD FAGHY.
   938 | D:1      | 938 ||| DRINKING 2 metallic orange potions.
   939 | D:1      | 939 ||| DROPPING potion of lignification.
   940 | D:1      | 940 ||| DROPPING 2 scrolls of poison.
   941 | D:1      | 941 ||| DROPPING potion of invisibility.
   943 | D:1      | 943 ||| Stepping ~*~*~tactically~*~*~ (cloud).
  1189 | D:2      | Found an ornate altar of the Wu Jian Council.
  1200 | D:2      | 1200 ||| RETREEEEATING.
  1210 | D:2      | Reached XP level 4. HP: 13/22 MP: 5/5
  1961 | D:2      | 1961 ||| READING scroll labelled XEUPRA ADUM.
  1962 | D:2      | 1962 ||| READING scroll labelled ZIPIZX GENLAGG.
  1962 | D:2      | Identified a scroll of acquirement
  1962 | D:2      | 1962 ||| ACQUIRING +2 cloak of poison resistance
  1962 | D:2      | Acquired a +2 cloak of poison resistance
  1964 | D:2      | 1964 ||| UPGRADING to +2 cloak of poison resistance.
  2421 | D:3      | HP: 3/22 [burnt (3)]
  2422 | D:3      | Incinerated by a bombardier beetle

Levels and vault maps discovered:
D:1:      wander_arrival_fairy_ring, layout_loops_ring, serial_bayou_crossing
D:2:      layout_basic, basic_altar
D:3:      layout_loops_cross, minmay_gold_behind_fungi, uniq_sigmund

Skill      XL: |  1  2  3  4 |
---------------+-------------+-----
Dodging        | 3 4 5 |  5.5
Ranged Weapons | 5 |  5.0
Fighting       | |  1.5
Stealth        | |  1.5

Action                     |  1- 3 |  4- 6 || total
---------------------------+-------+-------++-------
   Fire: Shortbow          |   106 |    61 ||   167
    Use: Scroll            |     8 |     2 ||    10
         Potion            |     1 |       ||     1
 Armour: Robe              |     9 |    11 ||    20
  Dodge: Dodged            |    26 |    17 ||    43

Table legend:
 A = Non-vault XP
 B = Vault XP
 C = Vault XP percentage of total XP
 D = Non-vault monster count
 E = Vault monster count
 F = Vault count percentage of total count
                 A         B        C        D         E       F
            +---------+---------+-------+---------+---------+-------
      Total |     189 |       0 |   0.0 |      52 |       0 |   0.0
            +---------+---------+-------+---------+---------+-------
        D:1 |      59 |       0 |   0.0 |      31 |       0 |   0.0
        D:2 |      72 |       0 |   0.0 |      12 |       0 |   0.0
        D:3 |      58 |       0 |   0.0 |       9 |       0 |   0.0
            +---------+---------+-------+---------+---------+-------
